 Dungeon Crawl Stone Soup version 0.17.0 (webtiles) character file.

93389 chonchonts the Severer (level 15, -12/138 HPs)
             Began as a Minotaur Fighter on Nov 12, 2015.
             Was the Champion of Ashenzari.
             Mangled by an ice devil (16 damage)
             ... summoned by Frances
             ... on level 1 of the Shoals.
             The game lasted 01:44:54 (27318 turns).

chonchonts the Severer (Minotaur Fighter)          Turns: 27318, Time: 01:44:54

Health: -12/138    AC: 26    Str: 35    XL:     15   Next: 60%
Magic:  14/14      EV: 12    Int:  5    God:    Ashenzari [******]
Gold:   2531       SH:  0    Dex: 13    Spells: 0 memorised, 14 levels left

rFire  + . .     SeeInvis +     n - +9 executioner's axe (chop) (curse)
rCold  + . .     Clarity  +     c - +2 chain mail {rF+}
rNeg   . . .     SustAt   .     (shield currently unavailable)
rPois  +         Gourm    .     q - +0 hat (curse)
rElec  .         Spirit   .     H - +2 cloak of Dadiul {rF- rC+ Str+10} (curse)
rCorr  .         Warding  .     U - +2 pair of gloves of the Good {-Cast Dex+3 Slay+4} (curse)
rMut   .         Stasis   .     (no boots)
MR     ++...     NoCast   +     (no amulet)
Stlth  ..........               L - ring of poison resistance (curse)
                                t - ring of protection from magic (curse)

@: very resistant to hostile enchantments, extremely unstealthy
A: retaliatory headbutt, horns 2, molten scales 1, clumsy 1, fire resistance 1,
spit poison 1
a: Spit Poison, Scrying, Transfer Knowledge, Renounce Religion


You were on level 1 of the Shoals.
You worshipped Ashenzari.
Ashenzari was exalted by your worship.
You were not hungry.

You visited 7 branches of the dungeon, and saw 29 of its levels.
You also visited: Ossuary and Bailey.

You collected 2531 gold pieces.

Inventory:

Hand Weapons
 n - a cursed +9 executioner's axe of chopping (weapon)
 p - a +4 lajatang
Armour
 c - a +2 chain mail of fire resistance (worn)
 q - a cursed +0 hat (worn)
 H - the cursed +2 cloak of Dadiul (worn) {rF- rC+ Str+10}
   (You found it on level 6 of the Dungeon)

   It affects your strength (+10).
   It makes you vulnerable to fire.
   It protects you from cold.
   It has a curse placed upon it.
 O - the cursed +1 robe of Gozof {*Corrode MR+++ Int+3 Dex-3}
   (You found it on level 8 of the Dungeon)

   It affects your intelligence (+3).
   It affects your dexterity (-3).
   It affects your resistance to hostile enchantments.
   It may corrode your equipment when you take damage.
   It has a curse placed upon it.
 U - the cursed +2 pair of gloves of the Good (worn) {-Cast Dex+3 Slay+4}
   (You found it on level 6 of the Lair of Beasts)

   It affects your dexterity (+3).
   It affects your accuracy and damage with ranged weapons and melee attacks
   (+4).
   It prevents spellcasting.
   It has a curse placed upon it.
Jewellery
 t - a cursed ring of protection from magic (left hand)
 F - a +2 ring of evasion
 L - a cursed ring of poison resistance (right hand)
Wands
 b - a wand of frost (15)
 j - a wand of disintegration (15)
 B - a wand of digging (2)
 Y - a wand of teleportation (6)
Scrolls
 i - 7 scrolls of teleportation
 l - 14 scrolls of identify
 r - 2 scrolls of blinking
 w - 2 scrolls of fog
 x - 5 scrolls of enchant armour
 C - a scroll of fear
 E - 3 scrolls of enchant weapon
 J - 3 scrolls of curse weapon
 P - a scroll of recharging
 Q - a scroll of holy word
 V - 2 scrolls of magic mapping
 Z - 2 scrolls of remove curse
Potions
 d - 2 potions of might
 g - 4 potions of brilliance
 h - 11 potions of curing
 u - 3 potions of haste
 z - 4 potions of agility
 A - 2 potions of invisibility
 D - 4 potions of poison {unknown}
 G - 4 potions of flight
 I - a potion of ambrosia {unknown}
 K - 3 potions of lignification {unknown}
 T - 2 potions of berserk rage
 W - a potion of degeneration {unknown}
 X - a potion of resistance
Books
 v - the Tome of the Hundredfold Lies
   (You found it on level 8 of the Lair of Beasts)

   Spells                             Type                      Level
   a - Swiftness                      Charms/Air                   2
   b - Ozocubu's Armour               Charms/Ice                   3
   c - Haste                          Charms                       6
 y - a book of Cantrips

   Spells                             Type                      Level
   a - Corona                         Hexes                        1
   b - Animate Skeleton               Necromancy                   1
   c - Summon Small Mammal            Summoning                    1
   d - Apportation                    Translocation                1
 M - a book of the Tempests

   Spells                             Type                      Level
   a - Static Discharge               Conjuration/Air              3
   b - Lightning Bolt                 Conjuration/Air              5
   c - Fireball                       Conjuration/Fire             5
   d - Tornado                        Air                          9
   e - Shatter                        Earth                        9
 S - a book of Callings

   Spells                             Type                      Level
   a - Summon Small Mammal            Summoning                    1
   b - Call Imp                       Summoning                    2
   c - Call Canine Familiar           Summoning                    3
   d - Summon Guardian Golem          Hexes/Summoning              3
   e - Summon Lightning Spire         Summoning/Air                4
   f - Summon Ice Beast               Ice/Summoning                4
Miscellaneous
 N - a box of beasts
Comestibles
 e - 7 bread rations
 f - 6 beef jerkies
 k - 11 fruits
 m - 3 slices of pizza
 o - 11 meat rations
 s - 13 royal jellies


   Skills:
 + Level 14.1 Fighting
 * Level 19.4(24.1) Axes
 * Level 16.0(19.9) Armour
 * Level 14.1 Dodging
   Level 1.9 Shields


You had 14 spell levels left.
You didn't know any spells.

Dungeon Overview and Level Annotations

Branches:
Dungeon (13/15)            Temple (1/1) D:6            Lair (8/8) D:8
 Shoals (1/4) Lair:6        Snake (1/4) Lair:3        Slime (1/6) Lair:6
    Orc (4/4) D:9
    Elf: Orc:3-4     Vaults: D:13-14

Altars:
Ashenzari
Cheibriados
Dithmenos
Elyvilon
Fedhas
Gozag
Kikubaaqudgha
Makhleb
Nemelex Xobeh
Okawaru
Qazlal
Ru
Sif Muna
Trog
Vehumet
Xom
Yredelemnul
Zin
Jiyva

Shops:
D:5 (   D:12 [   Snake:1 (

Portals:
Ice
Cave: Orc:4

Annotations:
Shoals:1 Frances


Innate Abilities, Weirdness & Mutations

You reflexively headbutt those who attack you in melee.
You have a pair of horns on your head.
You are partially covered in molten scales (AC +1).
You are clumsy. (Dex -2)
Your flesh is heat resistant.
You can spit weak poison.


Message History

The ice devil hits you but does no damage.
The orange demon stings you but does no damage.
The red devil completely misses you.
You hit the ice devil.
You headbutt the ice devil, but do no damage.
The ice devil is lightly wounded.
Frances closely misses you.
The merfolk hits you from afar with a trident.
The orange demon stings you but does no damage.
The ice devil barely misses you.
Frances chants phrases taken from a devil's mouth.
The iron shot hits you!
* * * LOW HITPOINT WARNING * * *
The red devil hits you from afar with a demon trident.
* * * LOW HITPOINT WARNING * * *
The orange demon stings you but does no damage.
The ice devil hits you.
* * * LOW HITPOINT WARNING * * *
The ice devil freezes you! You resist.
You die...

≈≈≈ ≈ ≈ , , ≈ ≈ ≈
≈≈ ≈ ≈≈ ≈
≈≈≈%≈≈≈≈≈≈≈≈≈≈≈,
,≈≈ ≈≈ , ≈ ≈≈ ≈
≈≈≈≈≈≈≈≈≈≈≈≈≈, , ≈≈
,,, ≈≈≈ ≈
≈..≈≈≈≈≈≈≈≈. ,,,,,
≈ ,≈ ≈≈≈≈
≈,?..≈≈≈≈≈≈.. ,, ,
, ,≈ ≈ ≈≈≈ ,
...≈≈≈≈≈.# ** ,, ,,
, ≈ ≈, ,
,,..4@≈≈≈≈.* , , ,,
, ≈ ≈≈≈≈,∆,,
*#..≈≈≈≈≈≈ ,≈ , ,,
≈ ,,**#@3m≈≈≈≈≈,≈,
, ≈,
,,≈≈≈......4≈≈≈.≈≈≈
,,≈ ≈ *,, ,
≈≈..!##.≈≈≈≈≈..≈ ≈
, *,,,,,
....,*#..≈≈.≈≈≈ , ≈
≈ * ,### ,.......?≈
≈≈ ,, ≈ ,,, ,
,.......≈≈ ≈ ≈, , ,
,, ,,,,,,
...###..≈, ≈ * ≈ ,≈
≈,,, $....**#.., ≈
, * ≈≈ , , ,,,,, ,,
* , ,


You could see Frances, an ice devil, a merfolk, an orange demon and a red devil.

Vanquished Creatures
  Maud (Lair:7)
  Harold (Orc:2)
  6 naga warriors (Snake:1)
  A catoblepas (Lair:3)
  A centaur warrior (D:12)
  10 hydras
  11 death yaks
  A shock serpent (Snake:1)
  Urug (D:10)
  2 orc high priests (Orc:4)
  3 unseen horrors
  3 hill giants
  A naga ritualist (Snake:1)
  A shining eye (Slime:1)
  4 salamanders (Snake:1)
  2 griffons
  A cyclops (D:11)
  10 elephants
  An orc knight (Bailey)
  Maurice (Orc:1)
  A guardian serpent (Snake:1)
  3 torpor snails
  15 black mambas
  A siren (Lair:6)
  3 naga magi (Snake:1)
  11 spiny frogs
  A gargoyle (D:11)
  2 fire drakes
  9 komodo dragons
  2 spriggan druids (Lair:8)
  A queen bee (D:8)
  8 polar bears
  A two-headed ogre (D:13)
  Prince Ribbit (D:7)
  A trapdoor spider zombie (D:11)
  7 slime creatures
  4 trolls
  16 blink frogs
  7 redbacks (Lair:8)
  A trapdoor spider (D:11)
  12 spriggans (Lair:8)
  A shadow (D:10)
  2 deep elf magi
  4 wyverns
  48 yaks
  11 hippogriffs
  Grum (D:10)
  3 basilisks
  2 steam dragons
  2 hungry ghosts
  A warg (Orc:3)
  2 insubstantial wisps (D:7)
  A soldier ant (D:12)
  42 wolves
  9 nagas
  17 porcupines
  7 sky beasts
  2 eyes of draining
  19 water moccasins
  2 necrophages
  8 black bears
  16 orc warriors
  3 phantoms
  5 ogres
  6 wasps
  15 crocodiles
  7 centaurs
  3 big kobolds
  20 giant frogs
  A gnoll sergeant (D:7)
  A wyvern zombie (D:11)
  31 killer bees
  7 scorpions
  2 giant frog zombies
  4 wights (D:8)
  6 crimson imps
  5 hounds
  A quasit (D:11)
  7 jellies
  3 giant frog skeletons
  Crazy Yiuf (D:6)
  23 orc wizards
  9 orc priests
  A centaur zombie (D:12)
  11 iguanas
  4 centaur skeletons
  2 gnoll shamans
  6 hell rats (Lair:4)
  8 sheep (Lair:4)
  10 worker ants
  12 mummies (Ossuary)
  17 gnolls
  9 adders
  30 river rats
  2 shadow imps
  12 white imps (Orc:4)
  2 oozes
  An adder skeleton (D:10)
  An adder zombie (D:8)
  6 worms
  10 giant geckos
  106 orcs
  9 giant cockroaches
  10 goblins
  13 hobgoblins
  20 kobolds
  3 quokkas
  A ball python (D:7)
  10 bats
  2 giant gecko skeletons
  A giant gecko zombie (D:4)
  5 giant newts
  A gnoll skeleton (Ossuary)
  2 goblin skeletons (Ossuary)
  20 jackals
  2 kobold skeletons (Ossuary)
  3 orc skeletons (Ossuary)
  2 quokka skeletons (D:4)
  A quokka zombie (D:7)
  8 rats
  11 rat skeletons (Ossuary)
  49 fungi
  42 plants
994 creatures vanquished.

Vanquished Creatures (others)
  A scorpion (D:8)
  3 killer bees (D:8)
  57 fungi
  14 plants
75 creatures vanquished.

Grand Total: 1069 creatures vanquished

Notes
Turn   | Place    | Note
--------------------------------------------------------------
     0 | D:1      | chonchonts the Minotaur Fighter began the quest for the Orb.
     0 | D:1      | Reached XP level 1. HP: 19/19 MP: 0/0
   253 | D:1      | Reached XP level 2. HP: 22/27 MP: 1/1
   556 | D:1      | Reached skill level 4 in Armour
   645 | D:1      | Reached XP level 3. HP: 33/33 MP: 2/2
  1105 | D:2      | Reached XP level 4. HP: 38/41 MP: 3/3
  1462 | D:2      | Found a faded altar to an unknown god.
  1989 | D:3      | Reached XP level 5. HP: 43/47 MP: 4/4
  2022 | D:3      | Reached skill level 5 in Axes
  2203 | D:3      | Reached skill level 5 in Fighting
  3089 | D:4      | Reached skill level 6 in Axes
  3089 | D:4      | Reached XP level 6. HP: 52/56 MP: 5/5
  3156 | D:4      | Found a sacrificial altar of Ru.
  3166 | D:4      | Found an opulent altar of Gozag.
  3166 | D:4      | Found a bloodstained altar of Trog.
  3170 | D:4      | Found a snail-covered altar of Cheibriados.
  3170 | D:4      | Found a white marble altar of Elyvilon.
  3171 | D:4      | Found a shimmering altar of Xom.
  3663 | D:5      | Entered Level 5 of the Dungeon
  3795 | D:5      | Found a radiant altar of Vehumet.
  3903 | D:5      | Found a stormy altar of Qazlal.
  3921 | D:5      | Reached skill level 7 in Axes
  3942 | D:5      | Found Qiyko's Antique Weapon Shoppe.
  4020 | D:5      | Reached XP level 7. HP: 56/63 MP: 6/6
  4218 | D:5      | Reached skill level 8 in Axes
  4483 | D:6      | Found a sand-covered staircase.
  4506 | Ossuary  | Entered an ossuary
  4720 | Ossuary  | Reached skill level 9 in Axes
  4794 | D:6      | Found a staircase to the Ecumenical Temple.
  4829 | Temple   | Entered the Ecumenical Temple
  4924 | Temple   | Became a worshipper of Ashenzari the Shackled
  4975 | D:6      | Noticed Crazy Yiuf
  4981 | D:6      | Killed Crazy Yiuf
  5025 | D:6      | Reached XP level 8. HP: 73/73 MP: 7/7
  5202 | D:6      | Reached skill level 10 in Axes
  5216 | D:6      | Got the uncursed cloak of Dadiul {rF- rC+ Str+10}
  5222 | D:6      | Identified the +2 cloak of Dadiul {rF- rC+ Str+10} (You found it on level 6 of the Dungeon)
  5802 | D:7      | Found a sparkling altar of Nemelex Xobeh.
  5850 | D:7      | Noticed Prince Ribbit
  5860 | D:7      | Killed Prince Ribbit
  5860 | D:7      | Reached skill level 5 in Armour
  6160 | D:7      | Reached XP level 9. HP: 77/81 MP: 8/8
  6212 | D:7      | Reached skill level 11 in Axes
  6212 | D:7      | Reached skill level 5 in Shields
  6438 | D:7      | Found an iron altar of Okawaru.
  6567 | D:7      | Found a shadowy altar of Dithmenos.
  6688 | D:8      | Reached skill level 1 in Dodging
  6699 | D:8      | Identified the cursed +1 robe of Gozof {*Corrode MR+++ Int+3 Dex-3}
  6741 | D:8      | Found a staircase to the Lair.
  7055 | D:8      | Reached skill level 12 in Axes
  7186 | D:8      | Reached XP level 10. HP: 64/91 MP: 9/9
  7780 | D:8      | Identified a scroll of acquirement
  8183 | D:9      | Reached * piety under Ashenzari
  8432 | D:9      | Found a staircase to the Orcish Mines.
  8435 | D:9      | Reached skill level 13 in Axes
  8455 | D:9      | Reached skill level 10 in Fighting
  9087 | Orc:1    | Entered Level 1 of the Orcish Mines
  9558 | Orc:1    | Reached XP level 11. HP: 95/101 MP: 10/10
  9817 | Orc:2    | Noticed Maurice
  9827 | Orc:2    | Noticed Harold
  9835 | Orc:1    | Killed Maurice
 10319 | Orc:2    | Killed Harold
 10397 | Orc:3    | Reached ** piety under Ashenzari
 10938 | Orc:4    | Entered Level 4 of the Orcish Mines
 10938 | Orc:4    | Found a frozen archway.
 11134 | Orc:4    | Noticed an orc high priest
 11134 | Orc:4    | Noticed an orc high priest
 11134 | Orc:4    | Noticed an orc high priest
 11144 | Orc:4    | Killed an orc high priest
 11144 | Orc:4    | Reached skill level 5 in Dodging
 11149 | Orc:4    | Killed an orc high priest
 11155 | Orc:4    | Noticed a sun demon
 11475 | D:9      | Reached skill level 14 in Axes
 11501 | Lair:1   | Entered Level 1 of the Lair of Beasts
 11768 | Lair:1   | Reached skill level 10 in Armour
 11943 | Lair:1   | Reached *** piety under Ashenzari
 12178 | Lair:1   | Gained mutation: You can spit weak poison. [potion of mutation]
 12178 | Lair:1   | Gained mutation: Your flesh is heat resistant. [potion of mutation]
 12178 | Lair:1   | Gained mutation: You are partially covered in molten scales (AC +1). [potion of mutation]
 12446 | Lair:2   | Noticed a four-headed hydra
 12503 | D:10     | Entered Level 10 of the Dungeon
 12556 | D:10     | Noticed Urug
 12568 | D:10     | Killed Urug
 12620 | D:10     | Noticed Grum
 12627 | D:10     | Reached XP level 12. HP: 66/110 MP: 11/11
 12629 | D:10     | Killed Grum
 13280 | D:10     | Reached **** piety under Ashenzari
 13525 | D:11     | Found a flagged portal.
 13593 | Bailey   | Entered a bailey
 14171 | D:11     | Reached skill level 15 in Axes
 14217 | D:11     | Noticed a six-headed hydra
 14289 | D:11     | Killed a nine-headed hydra
 15076 | D:12     | Found Sioqazos's Antique Armour Boutique.
 15346 | D:12     | Noticed a centaur warrior
 15349 | D:12     | Killed a centaur warrior
 15901 | D:13     | Reached XP level 13. HP: 111/118 MP: 12/12
 15920 | D:13     | Reached ***** piety under Ashenzari
 15933 | D:13     | Noticed a yaktaur captain
 15942 | D:13     | HP: 4/118 [yaktaur/bolt (12)]
 16762 | Lair:2   | Reached skill level 10 in Dodging
 16765 | Lair:2   | Reached skill level 16 in Axes
 16936 | Lair:2   | Noticed a five-headed hydra
 16939 | Lair:2   | Killed a seven-headed hydra
 17102 | Lair:2   | Killed a six-headed hydra
 17788 | Lair:3   | Found a staircase to the Snake Pit.
 19388 | Lair:4   | Reached ****** piety under Ashenzari
 20118 | Lair:5   | Reached skill level 17 in Axes
 20124 | Lair:5   | Reduced skill Shields to level 5
 20524 | Lair:5   | Reduced skill Shields to level 1
 20524 | Lair:5   | Reached XP level 14. HP: 78/127 MP: 13/13
 20701 | Lair:6   | Found a viscous altar of Jiyva.
 20701 | Lair:6   | Found a staircase to the Slime Pits.
 21149 | Lair:6   | Identified the +2 pair of gloves of the Good {-Cast Dex+3 Slay+4}
 21282 | Lair:6   | Found a staircase to the Shoals.
 21653 | Lair:6   | Reached skill level 18 in Axes
 21949 | Lair:7   | Noticed Maud
 21958 | Lair:7   | Killed Maud
 22948 | Lair:8   | Entered Level 8 of the Lair of Beasts
 23211 | Lair:8   | Reached skill level 15 in Armour
 23591 | Lair:8   | Identified the Tome of the Hundredfold Lies
 23976 | Lair:8   | Reached XP level 15. HP: 128/137 MP: 14/14
 24490 | Lair:8   | Reached skill level 19 in Axes
 24919 | Snake:1  | Entered Level 1 of the Snake Pit
 24919 | Snake:1  | Found Neomirch's Antique Weapon Shoppe.
 26573 | Slime:1  | Entered Level 1 of the Pits of Slime
 26582 | Slime:1  | Found a viscous altar of Jiyva.
 26822 | Slime:1  | Gained mutation: You are clumsy. (Dex -2) [a shining eye]
 27296 | Shoals:1 | Entered Level 1 of the Shoals
 27296 | Shoals:1 | Noticed Frances
 27318 | Shoals:1 | HP: 5/138 [red devil/demon trident[Frances] (6)]
 27318 | Shoals:1 | Mangled by an ice devil

Action                   |  1- 3 |  4- 6 |  7- 9 | 10-12 | 13-15 || total
-------------------------+-------+-------+-------+-------+-------++-------
Melee: War axe           |    80 |   187 |   439 |    51 |       ||   757
       Executioner's axe |       |       |       |   412 |   582 ||   994
Invok: Transfer Knowledg |       |       |       |       |     1 ||     1
  Use: Scroll            |     2 |     6 |    11 |    14 |     9 ||    42
       Potion            |       |       |     5 |     8 |     8 ||    21
  Eat: Chunk             |     1 |     9 |    12 |    21 |    25 ||    68
       Bread ration      |       |       |       |     2 |     3 ||     5
